 Dungeon Crawl Stone Soup version 0.30.1-3-gfc49f6343a (webtiles) character file.

Game seed: 3155482226701543213

6127 cdecastro the Basher (level 10, -6/83 HPs)
             Began as an Armataur Warper on Aug 2, 2023.
             Was an Elder of Dithmenos.
             Mangled by a slime creature (7 damage)
             ... on level 8 of the Dungeon on Aug 3, 2023.
             The game lasted 00:17:18 (10968 turns).

cdecastro the Basher (Armataur Warper)             Turns: 10968, Time: 00:17:18

Health: -6/83      AC: 14    Str: 20    XL:     10   Next: 59%
Magic:  11/11      EV:  4    Int: 14    God:    Dithmenos [****..]
Gold:   550        SH:  4    Dex: 10    Spells: 12/12 levels left

rFire   . . .        b - +2 flail (venom)
rCold   . . .        (no shield)
rNeg    . . .        D - +0 plate armour
rPois   +            (helmet restricted)
rElec   .            n - +2 cloak {Stlth+}
rCorr   .            (no gloves)
SInv    .            (no barding)
Will    .....        (no amulet) Stlth
                     (no ring)
HPRegen 0.33/turn    (no ring)
MPRegen 0.12/turn

%: roll
@: wreathed by umbra
A: large, rugged brown scales 3, deformed body, armoured tail, roll, long
tongue, awkward tongue, horns 1, large bone plates 1, frail 1, low MP 1, poison
resistance
a: Renounce Religion, Shadow Step


You were on level 8 of the Dungeon.
You worshipped Dithmenos.
Dithmenos was greatly pleased with you.
You visited 2 branches of the dungeon, and saw 10 of its levels.

You collected 550 gold pieces.

Inventory:

Hand Weapons
 a - a +2 whip of electrocution
 b - a +2 flail of venom (weapon)
 t - a +0 flail
 N - a +4 morningstar
Missiles
 d - 4 boomerangs of dispersal
 o - 2 throwing nets
 E - a boomerang
Armour
 n - a +2 cloak of stealth (worn)
 q - a +0 helmet
 y - a +0 cloak
 D - a +0 plate armour (worn)
Jewellery
 K - a ring of ice
Wands
 J - a wand of roots (9)
 L - a wand of acid (9) (quivered)
 M - a wand of digging (4)
Scrolls
 f - 2 scrolls of enchant armour {unknown}
 h - 3 scrolls of immolation {unknown}
 k - 3 scrolls of vulnerability {unknown}
 l - 2 scrolls of enchant weapon {unknown}
 p - 4 scrolls of teleportation {unknown}
 r - a scroll of magic mapping {unknown}
 s - 2 scrolls of amnesia {unknown}
 u - 4 scrolls of fog {unknown}
 w - a scroll of identify
 A - a scroll of torment {unknown}
 G - a scroll of brand weapon {unknown}
 H - a scroll of acquirement {unknown}
Potions
 e - 2 potions of mutation
 g - 2 potions of lignification
 i - 3 potions of heal wounds {unknown}
 j - a potion of cancellation {unknown}
 m - 2 potions of flight
 v - a potion of curing {unknown}
 x - a potion of ambrosia {unknown}
 z - 2 potions of attraction
 B - 2 potions of magic
 F - 2 potions of invisibility {unknown}


   Skills:
 - Level 7.0 Fighting
 + Level 12.1 Maces & Flails
 - Level 0.8 Throwing
 - Level 7.0 Armour
 - Level 1.3 Dodging
 - Level 1.7 Spellcasting
 - Level 3.0 Translocations


You had 12 spell levels left.
You didn't know any spells.
Your spell library contained the following spells:

 Spells                   Type           Power      Damage    Failure   Level
 Blink                    Tloc           18%        N/A       93%         2
 Lesser Beckoning         Tloc           18%        N/A       93%         2
 Momentum Strike          Conj/Tloc      10%        3d8       99%         2
 Gell's Gravitas          Tloc           9%         N/A       99%         3
 Teleport Other           Tloc           9%         N/A       99%         3
 Poisonous Vapours        Pois/Air       2%         N/A       100%        2
 Mephitic Cloud           Conj/Pois/Air  1%         N/A       100%        3
 Vhi's Electric Charge    Tloc/Air       10%        N/A       100%        3
 Manifold Assault         Tloc           9%         N/A       100%        4
 Freezing Cloud           Conj/Ice/Air   0%         6-21      100%        5


Dungeon Overview and Level Annotations

Branches:
Dungeon (9/15)             Temple (1/1) D:4            Lair (0/5) D:8
    Orc: D:9-12

Altars:
Ashenzari
Cheibriados
Dithmenos
Elyvilon
Fedhas
Gozag
Hepliaklqana
Kikubaaqudgha
Makhleb
Okawaru
Qazlal
Ru
Trog
Uskayaw
Vehumet
Wu Jian
Xom
Yredelemnul
Zin
Lugonu


Innate Abilities, Weirdness & Mutations

You are completely covered in rugged brown scales. (AC +3, +7% HP)
Armour fits poorly on your strangely shaped body.
You have a long armoured tail.
You roll when moving toward enemies. (Rampage)
Your long tongue fully drains potion bottles. (2x potion effects)
Your tongue gives you trouble enunciating. (1.5x scroll delay)
You have a pair of small horns on your head.
You are partially covered in large bone plates. (SH +4)
You are frail. (-10% HP)
Your magical capacity is low. (-10% MP)
Your system is resistant to poisons. (rPois)


Message History

The slime creature is severely wounded.
Your shadow hits the slime creature with a flail!
The slime creature hits you.
The slime creature hits you but does no damage.
Unknown command.
You sock the slime creature!
You kill the slime creature!
Dithmenos accepts your kill. The slime creature hits you!
You block the slime creature's attack.
Unknown command.
You thump the slime creature! You headbutt the slime creature.
The slime creature is moderately wounded.
The slime creature hits you!
* * * LOW HITPOINT WARNING * * *
The slime creature barely misses you.
You hit the slime creature. You headbutt the slime creature.
The slime creature is heavily wounded.
The slime creature hits you!
* * * LOW HITPOINT WARNING * * *
The slime creature hits you!
* * * LOW HITPOINT WARNING * * *
Unknown command.
You hit the slime creature.
The slime creature looks as sick as possible!
You tail-slap the slime creature!
The slime creature is moderately wounded.
Your shadow hits the slime creature with a flail!
The slime creature barely misses you.
Unknown command.
You sock the slime creature! You tail-slap the slime creature!
The slime creature is severely wounded.
The slime creature barely misses you.
Unknown command.
You hit the slime creature. You headbutt the slime creature.
You punch the slime creature.
The slime creature is almost dead.
The slime creature hits you!
* * * LOW HITPOINT WARNING * * *
The slime creature hits you!
You die...

...(....#..........#
#.#
#.......#######.####
#.# ........#
#.......# ###.#
#....#### #.......#
###...# .....#
#.......#####...#.#
<....#
#.......##....###.#
.....#
#..........#### #.#
.#.#.#
#....(..#########.#
.#.#.#
###.....@...........#
.#.#.#
#.......JJ###########
.#.#.# #.........#
##.#.# #...#######
...#.# #...# ####.#
#...# ..##.# #...#
#.##.# #...# #.##.#
#...#


You could see 2 slime creatures.

Vanquished Creatures
  A cyclops (D:8)
  2 trolls
  A hornet (D:7)
  Grinder (D:4)
  A slime creature (D:8)
  A wraith (D:7)
  A wyvern (D:8)
  10 yaks
  2 steam dragons (D:9)
  2 basilisks (D:8)
  A sky beast (D:7)
  An orc warrior (D:6)
  4 ice beasts
  A centaur (D:5)
  2 phantoms
  3 gnoll sergeants
  A scorpion (D:4)
  3 wights (D:8)
  4 killer bees (D:9)
  3 howler monkeys (D:7)
  2 hounds (D:5)
  A jelly (D:7)
  6 orc priests
  A gnoll bouda (D:4)
  Crazy Yiuf (D:4)
  3 iguanas
  Ijyb (D:3)
  Terence (D:3)
  5 orc wizards
  3 sleepcaps
  17 gnolls
  7 adders
  2 shadow imps
  A white imp (D:6)
  2 worms
  6 dart slugs
  19 orcs
  4 bats
  A bat zombie (D:7)
  4 endoplasms
  3 giant cockroaches
  15 goblins
  6 hobgoblins
  7 jackals
  2 quokkas
  5 ball pythons
  3 frilled lizards
  5 kobolds
  6 rats
184 creatures vanquished.

Vanquished Creatures (others)
  A hobgoblin (D:3)
1 creature vanquished.

Grand Total: 185 creatures vanquished

Notes
Turn   | Place    | Note
-------+----------+-------------------------------------------
     0 | D:1      | cdecastro the Armataur Warper began the quest for the Orb.
     0 | D:1      | Reached XP level 1. HP: 18/18 MP: 3/3
    32 | D:1      | Reached skill level 2 in Maces & Flails
    32 | D:1      | Reached XP level 2. HP: 25/25 MP: 4/4
   339 | D:1      | Reached skill level 3 in Maces & Flails
   710 | D:2      | Reached XP level 3. HP: 31/31 MP: 5/5
  1402 | D:2      | Reached skill level 4 in Maces & Flails
  1402 | D:2      | Reached XP level 4. HP: 38/38 MP: 6/6
  1480 | D:2      | Found a faded altar of an unknown god.
  1523 | D:2      | Prayed at the altar of an unknown god.
  1523 | D:2      | Became a worshipper of Dithmenos the Shadowed
  1523 | D:2      | Reached * piety under Dithmenos
  1712 | D:3      | Reached XP level 5. HP: 42/43 MP: 7/7
  1715 | D:3      | Found a white marble altar of Elyvilon.
  1908 | D:3      | Reached skill level 5 in Maces & Flails
  1992 | D:3      | Noticed Ijyb
  2013 | D:3      | Killed Ijyb
  2174 | D:3      | Noticed Terence
  2189 | D:3      | Killed Terence
  2215 | D:3      | Reached ** piety under Dithmenos
  2687 | D:4      | Found a staircase to the Ecumenical Temple.
  2862 | Temple   | Entered the Ecumenical Temple
  3015 | D:4      | Reached skill level 6 in Maces & Flails
  3015 | D:4      | Reached XP level 6. HP: 50/51 MP: 8/8
  3067 | D:4      | Found a burning altar of Makhleb.
  3265 | D:4      | Noticed Grinder
  3283 | D:4      | Killed Grinder
  3284 | D:4      | Reached skill level 7 in Maces & Flails
  3284 | D:4      | Reached XP level 7. HP: 23/56 MP: 9/9
  3547 | D:4      | Found a runed translucent door.
  3548 | D:4      | Noticed Crazy Yiuf
  3584 | D:4      | Found a blossoming altar of Fedhas.
  3710 | D:5      | Entered Level 5 of the Dungeon
  4132 | D:5      | Reached skill level 5 in Armour
  4386 | D:5      | Reached XP level 8. HP: 61/64 MP: 10/10
  5687 | D:6      | Reached *** piety under Dithmenos
  5691 | D:6      | Reached skill level 5 in Fighting
  6038 | D:7      | Noticed a troll
  6047 | D:7      | Killed a troll
  6065 | D:7      | Noticed a hornet
  6072 | D:7      | Killed a hornet
  6073 | D:7      | Reached XP level 9. HP: 49/83 MP: 11/11
  6443 | D:7      | Found a stormy altar of Qazlal.
  6444 | D:7      | Found a glowing silver altar of Zin.
  6839 | D:7      | Found an iron altar of Okawaru.
  7067 | D:7      | Reached skill level 8 in Maces & Flails
  7091 | D:7      | Found a hazy altar of Hepliaklqana.
  7229 | D:7      | Found a basalt altar of Yredelemnul.
  7311 | D:7      | Found an ancient bone altar of Kikubaaqudgha.
  7582 | D:8      | Found a staircase to the Lair.
  7684 | D:8      | Reached skill level 9 in Maces & Flails
  8124 | D:8      | Noticed a troll
  8133 | D:8      | Killed a troll
  8866 | D:8      | Gained mutation: You are dopey. (Int -2) [potion of
                  | mutation]
  8866 | D:8      | Gained mutation: You sometimes lose your temper in combat.
                  | [potion of mutation]
  8866 | D:8      | Gained mutation: You occasionally shout uncontrollably at
                  | your foes. [potion of mutation]
  8866 | D:8      | Gained mutation: Your spells are a little easier to cast,
                  | but a little less powerful. [potion of mutation]
  8866 | D:8      | Gained mutation: Your system is resistant to poisons.
                  | (rPois) [potion of mutation]
  8866 | D:8      | Gained mutation: You are partially covered in iridescent
                  | scales. (AC +2) [potion of mutation]
  8867 | D:8      | Lost mutation: You are partially covered in iridescent
                  | scales. (AC +2) [potion of mutation]
  8867 | D:8      | Lost mutation: Your system is resistant to poisons. (rPois)
                  | [potion of mutation]
  8867 | D:8      | Lost mutation: You are dopey. (Int -2) [potion of mutation]
  8867 | D:8      | Lost mutation: Your spells are a little easier to cast, but
                  | a little less powerful. [potion of mutation]
  8867 | D:8      | Gained mutation: You frequently scream uncontrollably at
                  | your foes. [potion of mutation]
  8867 | D:8      | Gained mutation: Your muscles are strong. (Str +4, Int/Dex
                  | -1) [potion of mutation]
  8868 | D:8      | Lost mutation: You sometimes lose your temper in combat.
                  | [potion of mutation]
  8868 | D:8      | Lost mutation: Your muscles are strong. (Str +4, Int/Dex
                  | -1) [potion of mutation]
  8868 | D:8      | Lost mutation: You frequently scream uncontrollably at your
                  | foes. [potion of mutation]
  8868 | D:8      | Lost mutation: You occasionally shout uncontrollably at
                  | your foes. [potion of mutation]
  8868 | D:8      | Gained mutation: Your magical capacity is low. (-10% MP)
                  | [potion of mutation]
  8868 | D:8      | Gained mutation: You are partially covered in iridescent
                  | scales. (AC +2) [potion of mutation]
  8868 | D:8      | Gained mutation: You are frail. (-10% HP) [potion of
                  | mutation]
  8868 | D:8      | Lost mutation: You are partially covered in iridescent
                  | scales. (AC +2) [potion of mutation]
  8868 | D:8      | Gained mutation: You are partially covered in large bone
                  | plates. (SH +4) [potion of mutation]
  8868 | D:8      | Gained mutation: Your system is resistant to poisons.
                  | (rPois) [potion of mutation]
  8868 | D:8      | Gained mutation: You have a pair of small horns on your
                  | head. [potion of mutation]
  8951 | D:6      | Reached skill level 10 in Maces & Flails
  9033 | D:4      | Killed Crazy Yiuf
  9190 | D:9      | Noticed a cyclops
  9190 | D:9      | Found a snail-covered altar of Cheibriados.
  9206 | D:8      | Killed a cyclops
  9207 | D:8      | Reached XP level 10. HP: 52/83 MP: 11/11
  9966 | D:9      | Reached skill level 11 in Maces & Flails
  9989 | D:9      | Reached **** piety under Dithmenos
 10700 | D:9      | Reached skill level 12 in Maces & Flails
 10968 | D:8      | HP: 1/83 [slime creature (9)]
 10968 | D:8      | Mangled by a slime creature

Illustrated notes

Levels and vault maps discovered:
D:1:      pf_arrival_petrified_forest, layout_basic
D:2:      layout_rooms, hellmonk_ecumenical_altar_dog_temple
D:3:      kennysheep_the_goblin_king, layout_basic, elyvilon_altar_4, uniq_ijyb,
          uniq_terence
D:4:      layout_basic, fedhas_altar_fruit_tree, mainiacjoe_overflow_boulevard,
          temple_pool_b, uniq_grinder, uniq_crazy_yiuf_cottage
D:5:      layout_basic
D:6:      layout_gridville
D:7:      layout_layer_cave, nicolae_hepliaklqana_hippocampus,
          lemuel_zombie_altar_kikubaaqudgha, okawaru_ov_weapons_minmay,
          kennysheep_little_box, minitemple, hangedman_decor_growths
D:8:      layout_basic, david_lair_generic
D:9:      layout_basic, cheibriados_altar_1, nemelex_diamond_rough_becter,
          gammafunk_ghost_cemetery
Temple:   corrupted_temple

Skill      XL: |  1  2  3  4  5  6  7  8  9 10 |
---------------+-------------------------------+-----
Maces & Flails | 2 3 4 6 7 10 12 | 12.1
Armour         | 2 6 7 |  7.0
Fighting       | 6 7 |  7.0
Throwing       | |  0.8
Dodging        | |  1.3
Spellcasting   | |  1.7
Translocations | |  3.0

Action                     |  1- 3 |  4- 6 |  7- 9 | 10-12 || total
---------------------------+-------+-------+-------+-------++-------
  Melee: Mace              |   111 |     5 |       |       ||   116
         Punch             |     1 |       |     5 |     4 ||    10
         Tailslap          |    11 |    17 |    40 |    24 ||    92
         Whip              |       |   132 |   140 |       ||   272
         Flail             |       |     3 |   155 |   138 ||   296
         Headbutt          |       |       |     2 |    35 ||    37
  Throw: Boomerang         |     3 |       |       |       ||     3
  Evoke: Wand              |       |       |    14 |     2 ||    16
    Use: Scroll            |       |       |     6 |     1 ||     7
         Potion            |       |       |     3 |       ||     3
 Armour: Leather armour    |    35 |    34 |    19 |       ||    88
         Plate armour      |       |       |   101 |    57 ||   158
         Ring mail         |       |       |    20 |       ||    20
  Dodge: Dodged            |    63 |    57 |    65 |    25 ||   210
  Block: Other             |       |       |     1 |    25 ||    26
